 Dungeon Crawl Stone Soup version 0.19-a0-994-g3c636f0 (webtiles) character file.

104894 4thArraOfDagon the Ripper (level 15, -2/97 HPs)
             Began as a Felid Berserker on July 15, 2016.
             Was a Priest of Cheibriados.
             Slain by a troll (8 damage)
             ... created by the rage of Trog
             ... on level 3 of the Lair of Beasts.
             The game lasted 01:54:57 (17492 turns).

4thArraOfDagon the Ripper (Felid Berserker)        Turns: 17492, Time: 01:54:58

Health: -2/97      AC: 35    Str: 17 (19) XL:     15   Next: 93%
Magic:  17/28      EV:  4    Int: 20 (21) God:    Cheibriados [***...]
Gold:   371        SH:  0    Dex: 26 (30) Spells: 4 memorised, 12 levels left
                                        Lives:  0   Deaths: 5

rFire  + + .     SeeInvis +       - Unarmed
rCold  . . .     Gourm    .     (armour unavailable)
rNeg   + + +     Faith    .     (shield unavailable)
rPois  +         Spirit   .     (helmet unavailable)
rElec  .         Dismiss  .     (cloak unavailable)
rCorr  .         Reflect  .     (gloves unavailable)
SustAt .         Harm     .     (boots unavailable)
MR     ++...     Clarity  +     A - amulet of regeneration
Stlth  ++++++++++ NoTele   +    k - ring of Robustness {AC+8}
                                u - ring of Kikubaaqudgha's Favour {rF++ Str-2 Slay+2 Stlth+}

@: brilliant, agile, tree-form (expiring), very slow, very resistant to hostile
enchantments, uncannily stealthy
A: no armour, no weapons or thrown items, (claws 0), (fangs 0), (horns 0), (icy
blue scales 0), rough black scales 2, see invisible, berserk 2, carnivore 3,
clarity, deterioration 1, (speed 0), frail 1, sense surroundings 1, screaming 2,
(shaggy fur 0), slow metabolism 1, strong 1, MP-powered wands, (sharp paws)
a: Bend Time, Temporal Distortion, Renounce Religion


You were on level 3 of the Lair of Beasts.
You worshipped Cheibriados.
Cheibriados was most pleased with you.
You were full.
You were a tree.
You visited 7 branches of the dungeon, and saw 30 of its levels.
You visited the Abyss 1 time.
You also visited: Labyrinth.

You collected 3552 gold pieces.
You spent 3181 gold pieces at shops.

Inventory:

Missiles
 M - 3 throwing nets
Jewellery
 k - the ring of Robustness (right branch) {AC+8}
   (You took it off a deep elf annihilator on level 3 of the Elven Halls)

   [ring of protection]

   It affects your AC (+8).
 o - the ring of Irutraz {rElec MP+9 Str+4 Dex+2}
   (You took it off a deep elf sorcerer on level 3 of the Elven Halls)

   [ring of magical power]

   It affects your strength (+4).
   It affects your dexterity (+2).
   It insulates you from electricity.
   It affects your magic capacity (+9).
 r - the ring "Ugenaqe" {rElec AC+3 Int+3}
   (You acquired it on level 1 of the Lair of Beasts)

   [ring of protection]

   It affects your AC (+3).
   It affects your intelligence (+3).
   It insulates you from electricity.
 u - the ring of Kikubaaqudgha's Favour (left branch) {rF++ Str-2 Slay+2 Stlth+}
   (You bought it in a shop on level 7 of the Dungeon)

   [ring of stealth]

   It affects your strength (-2).
   It affects your accuracy and damage with ranged weapons and melee attacks
   (+2).
   It greatly protects you from fire.
   It makes you more stealthy.
 z - an uncursed ring of flight
 A - an amulet of regeneration (around neck)
 R - the ring "Rytiaste" {+Blink rElec rF+ rC+ Dex+3}
   (You bought it in a shop on level 7 of the Dungeon)

   [ring of protection from fire]

   It affects your dexterity (+3).
   It protects you from fire.
   It protects you from cold.
   It insulates you from electricity.
   It lets you blink.
 X - an uncursed ring of sustain attributes
Wands
 g - a wand of acid (3/15)
 l - a wand of paralysis (10/24)
 n - a wand of digging (2/24)
 v - a wand of paralysis (5/24)
 y - a wand of lightning (7/15)
 B - a wand of iceblast (4/15)
 D - a wand of heal wounds (0/9)
 G - a wand of digging (14/24)
 K - a wand of acid (8/15)
 L - a wand of digging (7/24)
 P - a wand of slowing (7/48)
 S - a wand of teleportation (0/9)
 T - a wand of teleportation (2/9)
Scrolls
 b - 5 scrolls of noise
 c - 5 scrolls of magic mapping
 d - a scroll of vulnerability
 e - a scroll of acquirement
 h - 3 scrolls of amnesia
 i - 4 scrolls of recharging
 m - 6 scrolls of remove curse
 q - 3 scrolls of fog
 E - a scroll of blinking
 V - a scroll of holy word
 W - a scroll of immolation
Potions
 j - a potion of agility
 w - a potion of flight
 H - a potion of ambrosia
 Q - 2 potions of brilliance
 U - 2 potions of magic
 Y - 4 potions of berserk rage
Miscellaneous
 f - a lamp of fire
 p - a phial of floods (inert)
 Z - a phantom mirror
Comestibles
 a - 11 meat rations
 N - 2 beef jerkies


   Skills:
 - Level 12.4 Fighting
 - Level 16.3 Dodging
 - Level 17.3 Stealth
 - Level 18.1 Unarmed Combat
 + Level 8.3 Spellcasting
 * Level 8.7 Transmutations
 * Level 7.2 Earth Magic
 - Level 7.3 Invocations
 - Level 2.4 Evocations


You had 12 spell levels left.
You knew the following spells:

 Your Spells              Type           Power        Failure   Level  Hunger
a - Shroud of Golubria    Chrm/Tloc      ###.......   1%          2    None
b - Regeneration          Chrm/Necr      ###.......   3%          3    None
c - Statue Form           Tmut/Erth      ######...    7%          6    ######.
d - Dragon Form           Tmut           ######....   43%         7    #######


Dungeon Overview and Level Annotations

Branches:
Dungeon (15/15)            Temple (1/1) D:7            Lair (6/6) D:10
 Shoals (1/4) Lair:3       Spider (0/4) Lair:2        Slime (0/5) Lair:5
    Orc (2/2) D:11            Elf (3/3) Orc:2        Vaults (0/5) D:13
 Depths (2/5) D:15

Altars:
Cheibriados
Elyvilon
Hepliaklqana
Kikubaaqudgha
Makhleb
Nemelex Xobeh
Pakellas
Qazlal
Ru
Trog
Uskayaw
Xom
Yredelemnul
Zin
The Shining One
Beogh

Shops:
D:7 =%*(   D:12 *   D:13 (   Orc:1 %*   Orc:2 (}?}   Elf:1 ?

Portals:
Hell: Depths:1
Abyss: Depths:1
Trove: Elf:3 (give 15 scrolls of teleportation)

Annotations:
D:8 1 runed door
D:13 abc's ghost, journeyman DsFi
D:15 exclusion: downstairs
Lair:4 George's ghost, journeyman MiFi
Elf:2 Amnesiac's ghost, adept TeAE
Depths:1 Asterion


Innate Abilities, Weirdness & Mutations

You cannot wear armour.
You are incapable of wielding weapons or throwing items.
((You have sharp claws.))
((You have razor-sharp teeth.))
You have supernaturally acute eyesight. (SInv)
You are carnivorous and can eat meat at any time.
((You cover ground quickly.))
((Your thick and shaggy fur keeps you warm. (AC +3, rC+)))
You have a slow metabolism.
((Your sharp claws are effective at attacking unaware monsters.))
((You have a pair of small horns on your head.))
((You are partially covered in icy blue scales. (AC +1)))
(You are mostly covered in rough black scales. (AC +7, Dex -2))
You often lose your temper in combat.
You possess an exceptional clarity of mind.
Your body sometimes deteriorates upon taking damage.
You are frail. (-10% HP)
You passively map a small area around you.
You sometimes yell uncontrollably at your foes.
Your muscles are strong. (Str +2)
You expend magic power (3 MP) to strengthen your wands.


Message History

Aiming: Phantom Mirror
Press: ? - help, Dir - move target cursor, f - troll
Aim: a troll (berserk, fast, unusually strong, hasn't noticed you, durably summoned)
You reflect the troll with the mirror, and the mirror shatters!
Your troll bites the black bear!
Your troll claws the black bear. x2
The black bear bites your troll! The black bear claws your troll.
The black bear barely misses your troll.
The troll bites you but does no damage. The troll claws you but does no damage.
The troll claws you.
* * * LOW HITPOINT WARNING * * *
Your troll bites the black bear.
Your troll claws the black bear! x2
The black bear dies!
Unknown command.
Okay, then.
Unknown command.
You pummel the troll!! You punch the troll, but do no damage.
The troll is moderately wounded.
The troll bites you but does no damage. The troll claws you but does no damage.
The troll claws you!
You die...

#... ......### ######.+P# ##
*.#.......# #......... *
#........# ##........ *
*#.......#####........ , ## ####
#.......P##.+........
#.##..#..###.......##...........
...........+...O.T.#...#........
P$.#...##..........+.###........
.##### ####...♣T...#.###+###.##
.# ####...##.### #..###.# .# ##
#......#### #..#..# .#
#.##+.##.### ###...## ##.#
##.....T.≈.### ###.≈..+.#
.P+######.......#.≈≈%###≈≈≈.#...#
>......##.......#...)T≈()...#....
.......###......###..#§#..###...+
.......+.#........###...###.....#


You could see a deep troll (berserk), a troll (berserk), an ogre (berserk) and a
friendly troll (berserk).

Vanquished Creatures
  Mara (D:15)
  A deep elf blademaster (Elf:3)
  A deep elf master archer (Elf:3)
  A fire giant (Depths:1)
  Aizul (Shoals:1)
  A frost giant (Depths:1)
  3 deep elf sorcerers
  8 very ugly things (Depths:1)
  2 deep elf elementalists (Elf:3)
  3 stone giants (Depths:1)
  3 deep elf annihilators (Elf:3)
  3 deep elf demonologists (Elf:3)
  The ghost of 4thArraOfDagon the Grappler, a journeyman TrAK of Lugonu (D:15)
  2 ettins
  4 jiangshi (Depths:1)
  A deep elf high priest (Elf:3)
  Josephine (Lair:5)
  4 fire dragons
  A minotaur (Lab)
  2 deep elf death magi (Elf:3)
  2 great orbs of eyes (Depths:1)
  Harold (D:11)
  A vault guard (D:13)
  An ogre mage (Depths:1)
  4 ice dragons
  5 hydras
  A spriggan air mage (Depths:2)
  A rakshasa (Depths:1)
  5 centaur warriors
  8 dancing weapons
  9 death yaks (Lair:6)
  A catoblepas (D:13)
  5 tengu warriors (Depths:1)
  A vampire mage (Depths:1)
  A spriggan berserker (Depths:2)
  6 orc high priests
  7 deep elf knights
  Urug (D:15)
  An iron troll (Lair:1)
  A wretched star (Abyss:3)
  13 slime creatures
  An unseen horror (D:10)
  2 deep trolls
  The ghost of happinesssam the Carver, a novice DrGl of Uskayaw (D:8)
  A death drake (shapeshifter) (Depths:1)
  A flayed ghost (Depths:1)
  2 giant orange brains (Depths:1)
  9 hill giants
  10 deep elf archers
  Pikel (D:5)
  A necromancer (Depths:1)
  2 orc knights (Orc:2)
  38 deep elf magi
  A griffon (D:8)
  2 cyclopes
  A wolf spider (D:13)
  4 manticores
  3 orc sorcerers
  An iron dragon skeleton (Depths:1)
  17 ugly things
  2 elephants (Lair:6)
  Joseph (D:7)
  A stone giant skeleton (Depths:1)
  Maurice (D:9)
  5 black mambas
  8 spiny frogs
  4 molten gargoyles (D:10)
  4 orange demons (Elf:3)
  4 spectral swamp worms (Depths:1)
  5 rime drakes
  An efreet (D:14)
  2 centaur skeletons
  11 komodo dragons
  9 yaktaurs
  2 tengu conjurers (Depths:1)
  2 minotaur zombies (Lab)
  4 merfolk (Lair:3)
  10 polar bears
  A jumping spider (Lair:2)
  7 two-headed ogres
  8 trolls
  A wolf spider simulacrum (D:15)
  A two-headed ogre (shapeshifter) (Depths:1)
  Grinder (D:5)
  A spriggan zombie (Depths:1)
  22 blink frogs
  A redback (Lair:2)
  3 spriggans
  A water elemental (Elf:3)
  4 air elementals
  6 wraiths
  2 wyverns (Lair:6)
  14 yaks
  7 basilisks
  A fire elemental (Elf:3)
  Eustachio (D:5)
  Grum (D:10)
  5 hippogriffs
  A hippogriff (shapeshifter) (Elf:1)
  4 steam dragons
  2 hungry ghosts
  3 vampire mosquitoes (D:13)
  Menkaure (D:6)
  4 mottled dragons
  2 soldier ants
  A warg (Elf:3)
  5 hell hounds
  7 water moccasins
  3 porcupines
  3 sky beasts
  An eye of draining (D:14)
  2 slaves (D:5)
  14 black bears
  32 orc warriors
  2 wasps (Depths:2)
  2 ice beasts
  15 wolves
  4 boggarts (Depths:2)
  20 ogres
  14 centaurs
  18 crocodiles
  2 big kobolds
  A wyvern zombie (D:14)
  17 giant frogs
  An earth elemental (Elf:2)
  6 scorpions
  A water moccasin skeleton (D:6)
  10 killer bees
  4 wights (D:8)
  A howler monkey (D:8)
  6 crimson imps
  A giant frog zombie (D:8)
  A quasit (D:11)
  5 centaur zombies
  2 giant frog skeletons
  9 jellies
  5 hounds
  22 orc priests
  13 orc wizards
  7 iguanas
  9 worker ants
  A shapeshifter simulacrum (Depths:1)
  29 sheep
  3 gnolls (D:8)
  4 adders
  25 river rats
  6 shadow imps
  3 oozes (Lair:5)
  2 adder skeletons
  A worm (D:6)
  4 dart slugs
  2 giant geckos
  69 orcs
  5 bats
  3 giant cockroaches
  3 hobgoblins (D:1)
  8 jackals
  4 kobolds
  6 quokkas
  A ball python (D:1)
  2 giant newts
  4 goblins (D:1)
  10 rats
  2 fungi
  2 plants (Lair:6)
863 creatures vanquished.

Vanquished Creatures (collateral kills)
  A deep elf blademaster (Elf:3)
  A deep elf master archer (Elf:3)
  Roxanne (D:14)
  2 deep elf sorcerers (Elf:3)
  A deep elf demonologist (Elf:3)
  A deep elf annihilator (Elf:3)
  3 deep elf death magi (Elf:3)
  A deep elf high priest (Elf:3)
  A hydra (Lair:5)
  A small abomination (Elf:3)
  A deep elf knight (Elf:1)
  An elephant (Lair:6)
  A black mamba (Lair:6)
  A spiny frog (Lair:5)
  A black bear (Lair:3)
  A crocodile (Lair:6)
  2 crawling corpses (Elf:3)
  A plant (Lair:6)
22 creatures vanquished.

Vanquished Creatures (others)
  A deep elf mage (Elf:2)
  A sheep (Shoals:1)
  18 fungi (Lair:6)
  23 plants
43 creatures vanquished.

Grand Total: 928 creatures vanquished

Notes
Turn   | Place    | Note
-------+----------+-------------------------------------------
     0 | D:1      | 4thArraOfDagon the Felid Berserker began the quest for the Orb.
     0 | D:1      | Reached XP level 1. HP: 10/10 MP: 2/2
    62 | D:1      | Reached skill level 1 in Stealth
    71 | D:1      | Reached XP level 2. HP: 8/14 MP: 3/3
   230 | D:1      | Gained mutation: You regenerate slowly when monsters are visible. [potion of mutation]
   230 | D:1      | Gained mutation: You are partially covered in icy blue scales. (AC +1) [potion of mutation]
   230 | D:1      | Gained mutation: You have a pair of small horns on your head. [potion of mutation]
   257 | D:1      | Reached ** piety under Trog
   328 | D:1      | Reached XP level 3. HP: 17/17 MP: 4/4
   399 | D:2      | Found a glowing golden altar of the Shining One.
   428 | D:2      | Found a shimmering altar of Xom.
   492 | D:3      | Reached skill level 4 in Unarmed Combat
   521 | D:3      | timbw: yo
   529 | D:3      | 4thArraOfDagon: hiii
   554 | D:3      | timbw: beer is pretty good stuff
   577 | D:4      | timbw: just sayin
   577 | D:4      | Noticed an ogre
   600 | D:4      | Killed an ogre
   600 | D:4      | Reached XP level 4. HP: 21/21 MP: 5/5
   600 | D:4      | Reached XP level 5. HP: 24/24 MP: 6/6
   642 | D:5      | Entered Level 5 of the Dungeon
   652 | D:5      | Noticed Grinder
   666 | D:4      | timbw: no felid rc? there are so many good cat skins
   699 | D:5      | Paralysed by Grinder for 4 turns
   702 | D:5      | Killed from afar by Grinder
   703 | D:5      | Reached XP level 4. HP: -7/31 MP: 5/5
   705 | D:5      | Found a sacrificial altar of Ru.
   730 | D:5      | Killed Grinder
   730 | D:5      | Reached skill level 5 in Dodging
   730 | D:5      | Reached skill level 5 in Unarmed Combat
   730 | D:5      | Reached XP level 5. HP: 24/24 MP: 6/6
   806 | D:5      | Noticed a centaur
   808 | D:5      | Noticed Eustachio
   815 | D:5      | Killed a centaur
   815 | D:5      | Gained mutation: You are covered in thick fur. (AC +2) [Felid growth]
   815 | D:5      | Reached XP level 6. HP: 28/28 MP: 7/7
   821 | D:5      | Killed Eustachio
   821 | D:5      | Reached skill level 5 in Stealth
   821 | D:5      | Reached skill level 6 in Unarmed Combat
   986 | D:6      | Reached XP level 7. HP: 30/31 MP: 8/8
  1045 | D:7      | manon: Which potions do you want identified before you start quaffing unidentified potions?
  1074 | D:7      | Found Aheoqose's Weapon Boutique.
  1078 | D:7      | ofc
  1182 | D:6      | Found a burning altar of Makhleb.
  1204 | D:7      | timbw: typically you dont want to ever quaff identify
  1215 | D:7      | Noticed Joseph
  1224 | D:7      | manon: OK
  1227 | D:7      | Killed Joseph
  1227 | D:7      | Reached skill level 7 in Unarmed Combat
  1227 | D:7      | Reached XP level 8. HP: 34/34 MP: 9/9
  1246 | D:7      | timbw: sometimes you need too
  1254 | D:7      | timbw: thats different
  1271 | D:7      | manon: :-)
  1310 | D:8      | Noticed happinesssam's ghost (novice DrGl)
  1318 | D:7      | timbw: and also some vaults generate potions
  1360 | D:7      | timbw: so you have a good chance of guessing
  1364 | D:7      | Found Etirusotz's General Store.
  1377 | D:6      | timbw: that takes games to learns
  1387 | D:6      | manon: *nod*
  1387 | D:6      | timbw: learn*
  1401 | D:7      | Bought a potion of invisibility for 96 gold pieces
  1401 | D:7      | Bought a scroll of fog for 24 gold pieces
  1401 | D:7      | Bought a scroll of identify for 24 gold pieces
  1450 | D:7      | Found Kalu's Jewellery Shoppe.
  1456 | D:7      | Found a staircase to the Ecumenical Temple.
  1458 | D:7      | timbw: most of those vaults generate either confusion potions of mutation potions
  1458 | D:7      | timbw: you learn as you play
  1458 | D:7      | manon: :-)
  1458 | D:7      | 4thArraOfDagon: :D
  1458 | D:7      | manon: What about scrolls?
  1462 | D:7      | 4thArraOfDagon: what about forests?
  1467 | D:7      | Found Ifyvef's Food Shoppe.
  1482 | D:7      | manon: *laughs*
  1560 | D:5      | Found a sparkling altar of Nemelex Xobeh.
  1637 | D:8      | manon: Do you want to use identify scrolls or do you read unidentified scrolls?
  1688 | D:8      | 4thArraOfDagon: ill id them
  1688 | D:8      | 4thArraOfDagon: at d:9
  1707 | D:8      | Found a glowing silver altar of Zin.
  1707 | D:8      | Noticed an angel
  1709 | D:8      | Reached skill level 8 in Unarmed Combat
  1711 | D:8      | Found a runed door.
  1743 | D:8      | manon: Thanks. Happy hunting :-)
  1752 | D:8      | Gained mutation: You passively map a small area around you. [mutagenic meat]
  1755 | D:8      | Gained mutation: You are agile. (Dex +2) [mutagenic meat]
  1758 | D:8      | Gained mutation: You are robust. (+10% HP) [mutagenic meat]
  1761 | D:8      | Gained mutation: You expend magic power (3 MP) to strengthen your wands. [mutagenic meat]
  1792 | D:8      | Noticed a griffon
  1810 | D:8      | Killed a griffon
  1860 | D:8      | Reached XP level 9. HP: 36/42 MP: 10/10
  1863 | D:8      | Noticed a centaur warrior
  1865 | D:8      | Killed a centaur warrior
  1865 | D:8      | Reached *** piety under Trog
  1865 | D:8      | Reached skill level 9 in Unarmed Combat
  1878 | D:8      | Found a white marble altar of Elyvilon.
  1963 | D:8      | Noticed a hill giant
  1972 | D:8      | Killed a hill giant
  1972 | D:8      | Reached skill level 5 in Fighting
  2113 | D:9      | Found a burning altar of Makhleb.
  2130 | D:8      | Noticed a manticore
  2134 | D:8      | Killed a manticore
  2134 | D:8      | Reached skill level 10 in Unarmed Combat
  2141 | D:8      | Reached XP level 10. HP: 35/48 MP: 11/11
  2231 | D:9      | Noticed Maurice
  2235 | D:9      | Killed Maurice
  2235 | D:9      | Reached skill level 10 in Dodging
  2235 | D:9      | Reached skill level 10 in Stealth
  2317 | D:9      | Noticed a hill giant
  2333 | D:9      | Killed a hill giant
  2379 | D:9      | Lost mutation: You regenerate slowly when monsters are visible. [mutagenic meat]
  2379 | D:9      | Gained mutation: You tend to lose your temper in combat. [potion of mutation]
  2419 | D:10     | Entered Level 10 of the Dungeon
  2457 | D:11     | Noticed a cyclops
  2592 | D:13     | Noticed abc's ghost (journeyman DsFi)
  2640 | D:13     | Noticed a catoblepas
  2650 | D:13     | Killed a catoblepas
  2650 | D:13     | Reached skill level 11 in Unarmed Combat
  2797 | D:13     | Noticed a wolf spider
  2799 | D:13     | Found a gate to the Vaults.
  2799 | D:13     | Noticed a vault guard
  2800 | D:13     | Noticed a hill giant
  2801 | D:13     | Killed a hill giant
  2803 | D:13     | Noticed a hill giant
  2804 | D:13     | Killed a hill giant
  2808 | D:13     | Noticed a deep elf mage
  2821 | D:13     | Killed a wolf spider
  2821 | D:13     | Reached XP level 11. HP: 14/55 MP: 12/12
  2914 | D:13     | Noticed a hill giant
  2919 | D:13     | Killed a hill giant
  2919 | D:13     | Reached **** piety under Trog
  2920 | D:13     | timbw: man
  2942 | D:13     | Found Daness's Weapon Shoppe.
  2943 | D:13     | timbw: those "easy questions"
  2944 | D:13     | timbw: :)
  2956 | D:13     | timbw: they are not easy
  2981 | D:13     | timbw: depends so much
  2989 | D:14     | timbw: on how fucked you are
  3003 | D:14     | timbw: and what your goals are
  3012 | D:14     | Noticed a fire dragon
  3029 | D:14     | Killed a fire dragon
  3052 | D:14     | Noticed a centaur warrior
  3113 | D:14     | Reached skill level 12 in Unarmed Combat
  3170 | D:14     | Noticed Roxanne
  3177 | D:14     | timbw: the top 50 all time crawl scores are going to give at least 25 different answers im sure
  3189 | D:14     | Noticed a hill giant
  3201 | D:14     | Killed a hill giant
  3328 | D:14     | Killed a centaur warrior
  3475 | D:14     | Killed from afar by Roxanne
  3476 | D:14     | Reached XP level 10. HP: -1/52 MP: 10/11
  3480 | D:15     | Entered Level 15 of the Dungeon
  3480 | D:15     | Noticed a fire dragon
  3480 | D:15     | Noticed a centaur warrior
  3481 | D:15     | Killed a centaur warrior
  3482 | D:15     | Noticed Urug
  3578 | D:15     | Noticed a centaur warrior
  3593 | D:15     | Killed a centaur warrior
  3631 | D:15     | Reached XP level 11. HP: 56/56 MP: 12/12
  3707 | D:15     | Noticed a white ugly thing
  3707 | D:15     | Noticed a white ugly thing
  3711 | D:15     | Noticed a white ugly thing
  3715 | D:15     | Noticed a white ugly thing
  3718 | D:15     | Killed a white ugly thing
  3719 | D:15     | Noticed a white ugly thing
  3758 | D:15     | Noticed 4thArraOfDagon's ghost (journeyman TrAK)
  3899 | D:15     | Killed a green ugly thing
  3902 | D:15     | Killed a white ugly thing
  3907 | D:15     | Killed a white ugly thing
  3907 | D:15     | Reached skill level 13 in Unarmed Combat
  3909 | D:15     | Killed a purple ugly thing
  3934 | D:15     | Gained mutation: Your body sometimes deteriorates upon taking damage. [mutagenic meat]
  3940 | D:15     | Gained mutation: You are weak. (Str -2) [mutagenic meat]
  3943 | D:15     | Gained mutation: Your thick and shaggy fur keeps you warm. (AC +3, rC+) [mutagenic meat]
  3946 | D:15     | Lost mutation: You are agile. (Dex +2) [mutagenic meat]
  3952 | D:15     | Gained mutation: You occasionally shout uncontrollably at your foes. [mutagenic meat]
  3955 | D:15     | Lost mutation: You are robust. (+10% HP) [mutagenic meat]
  4071 | D:15     | Killed a fire dragon
  4131 | D:15     | Killed 4thArraOfDagon's ghost
  4180 | D:15     | Killed Urug
  4218 | D:15     | Noticed an ice dragon
  4219 | D:15     | Noticed an ice dragon
  4222 | D:15     | Found a staircase to the Depths.
  4224 | D:15     | Killed an ice dragon
  4229 | D:15     | Killed an ice dragon
  4258 | Depths:1 | Entered Level 1 of the Depths
  4272 | Depths:1 | Noticed a flayed ghost
  4274 | Depths:1 | Noticed Mara
  4393 | D:12     | Found Qegaasiv's General Store.
  4393 | D:12     | Noticed a hill giant
  4396 | D:12     | Noticed a red ugly thing
  4407 | D:12     | Killed a hill giant
  4407 | D:12     | Mutation became permanent: Your thick and shaggy fur keeps you warm. (AC +3, rC+) [Felid growth]
  4407 | D:12     | Reached XP level 12. HP: 52/57 MP: 13/13
  4432 | D:12     | Gained mutation: You often lose your temper in combat. [mutagenic meat]
  4435 | D:12     | Gained mutation: You are partially covered in rough black scales. (AC +4, Dex -1) [mutagenic meat]
  4637 | D:12     | Noticed a four-headed hydra
  4643 | D:12     | Noticed a frost giant
  4643 | D:12     | Noticed a tengu reaver
  4655 | D:12     | Reached skill level 14 in Unarmed Combat
  4778 | D:11     | Found a staircase to the Orcish Mines.
  4804 | Orc:1    | Entered Level 1 of the Orcish Mines
  4849 | Orc:1    | Found Meluijua's Assorted Antiques.
  4868 | Orc:1    | Bought a scroll labeled LATAZA CALODEPUOCW for 32 gold pieces
  4905 | Orc:1    | Found Muvue's Food Shop.
  5179 | Orc:2    | Entered Level 2 of the Orcish Mines
  5180 | Orc:2    | Found a staircase to the Elven Halls.
  5184 | Orc:2    | Noticed an ettin
  5192 | Orc:2    | Killed an ettin
  5284 | Orc:2    | Reached ***** piety under Trog
  5296 | Orc:2    | Found a roughly hewn altar of Beogh.
  5543 | Orc:2    | Noticed an orc high priest
  5618 | Orc:2    | Killed an orc high priest
  5720 | Orc:2    | Noticed an orc high priest
  5894 | Orc:2    | Killed an orc high priest
  5894 | Orc:2    | Reached skill level 10 in Fighting
  5931 | Orc:2    | Noticed an orc high priest
  5990 | Orc:2    | Killed an orc high priest
  5992 | Orc:2    | Noticed an orc high priest
  6020 | Orc:2    | Killed an orc high priest
  6020 | Orc:2    | Reached XP level 13. HP: 55/61 MP: 14/14
  6144 | Orc:2    | Found Melick's Weapon Boutique.
  6144 | Orc:2    | Found Joselud's Gadget Boutique.
  6145 | Orc:2    | Found Owomp's Gadget Shop.
  6145 | Orc:2    | Found Otiliris's Magic Scroll Boutique.
  6153 | Orc:2    | Bought a wand of teleportation (4/9) for 384 gold pieces
  6366 | Elf:1    | Entered Level 1 of the Elven Halls
  6508 | Elf:1    | Reached skill level 15 in Unarmed Combat
  6762 | Elf:1    | Reached skill level 15 in Stealth
  6880 | Elf:1    | Noticed a deep elf sorcerer
  6891 | Elf:1    | Killed a deep elf sorcerer
  6897 | Elf:1    | Identified the Catalogue of Supportive Confrontation (You found it on level 1 of the Elven Halls)
  7067 | Elf:1    | Found Tekh's Magic Scroll Shoppe.
  7231 | Elf:2    | Noticed a deep elf blademaster
  7334 | Elf:3    | Entered Level 3 of the Elven Halls
  7446 | Elf:2    | Noticed Amnesiac's ghost (adept TeAE)
  7495 | Elf:3    | Reached XP level 14. HP: 67/67 MP: 15/15
  7841 | Elf:2    | Reached skill level 16 in Unarmed Combat
  7924 | Elf:3    | Found a portal to a secret trove of treasure.
  8006 | Elf:3    | Reached skill level 15 in Dodging
  8107 | Elf:3    | Noticed a deep elf elementalist
  8300 | Elf:3    | Noticed a deep elf blademaster
  8305 | Elf:3    | Noticed a deep elf sorcerer
  8307 | Elf:3    | Killed a deep elf blademaster
  8310 | Elf:3    | Killed a deep elf sorcerer
  8312 | Elf:3    | Noticed a deep elf sorcerer
  8334 | Elf:3    | Killed a deep elf sorcerer
  8342 | Elf:3    | Killed from afar by a deep elf elementalist
  8343 | Elf:3    | Reached XP level 13. HP: 0/63 MP: 23/23
  8383 | Elf:3    | Noticed a deep elf demonologist
  8400 | Elf:3    | Noticed a deep elf death mage
  8407 | Elf:3    | Killed a deep elf death mage
  8412 | Elf:3    | Killed a deep elf demonologist
  8573 | Elf:3    | Killed a deep elf elementalist
  8625 | Elf:3    | Noticed a deep elf master archer
  8641 | Elf:3    | Noticed a deep elf death mage
  8649 | Elf:3    | Killed a deep elf master archer
  8652 | Elf:3    | Killed a deep elf death mage
  8748 | Elf:3    | Noticed a deep elf demonologist
  8767 | Elf:3    | Killed a deep elf demonologist
  8813 | Elf:3    | Noticed a deep elf annihilator
  8817 | Elf:3    | Noticed a deep elf sorcerer
  8817 | Elf:3    | Noticed a deep elf sorcerer
  8819 | Elf:3    | Noticed a deep elf blademaster
  8877 | Elf:3    | Noticed a deep elf annihilator
  8899 | Elf:3    | Killed a deep elf annihilator
  8927 | Elf:3    | Noticed a deep elf death mage
  8928 | Elf:3    | Cast into level 3 of the Abyss (a deep elf sorcerer)
  8975 | Abyss:3  | Noticed a revenant
  8982 | Abyss:3  | Found a corrupted altar of Lugonu.
  8985 | Abyss:3  | Killed from afar by a revenant
  8986 | Abyss:3  | Reached XP level 12. HP: -4/61 MP: 19/19
  9066 | Elf:3    | Escaped the Abyss
  9076 | Elf:3    | Killed a deep elf sorcerer
  9082 | Elf:3    | Killed a deep elf death mage
  9082 | Elf:3    | Reached XP level 13. HP: 64/64 MP: 11/11
  9096 | Elf:3    | Killed a deep elf sorcerer
  9100 | Elf:3    | Got a transparent glass ring
  9113 | Elf:3    | Identified the ring of Irutraz {rElec MP+9 Str+4 Dex+2} (You took it off a deep elf sorcerer on level 3 of the Elven Halls)
  9149 | Elf:3    | Noticed a deep elf elementalist
  9168 | Elf:3    | Killed a deep elf blademaster
  9282 | Elf:3    | Killed a deep elf elementalist
  9311 | Elf:3    | Noticed a deep elf master archer
  9315 | Elf:3    | Noticed a deep elf annihilator
  9357 | Elf:3    | Killed a deep elf master archer
  9357 | Elf:3    | Reached skill level 17 in Unarmed Combat
  9507 | Elf:3    | Killed a deep elf annihilator
  9535 | Elf:3    | Identified the Grimoire of Conjuration and Poisoning (You found it on level 3 of the Elven Halls)
  9620 | Elf:3    | Killed a deep elf annihilator
  9625 | Elf:3    | Noticed a deep elf demonologist
  9644 | Elf:3    | Killed a deep elf demonologist
  9644 | Elf:3    | Reached skill level 1 in Evocations
  9945 | D:11     | jacquesderrida: MANS, THEY ARE COUP D'ETATING THE SHIT OUT OF TURKEY
  9945 | D:11     | jacquesderrida: WHAT DO
  9976 | D:10     | jacquesderrida: How do we military hunta
 10065 | D:9      | CypherZel: felid of trog lets go!
 10144 | D:8      | Killed happinesssam's ghost
 10243 | D:7      | Bought the ring "Rytiaste" {+Blink rElec rF+ rC+ Dex+3} for 770 gold pieces
 10243 | D:7      | Bought the ring of Kikubaaqudgha's Favour {rF++ Str-2 Slay+2 Stlth+} for 600 gold pieces
 10279 | Temple   | Entered the Ecumenical Temple
 10337 | Temple   | Fell from the grace of Trog
 10337 | Temple   | Became a worshipper of Cheibriados the Contemplative
 10404 | D:6      | Found a bloodstained altar of Trog.
 10554 | D:5      | Reached XP level 14. HP: 69/69 MP: 16/16
 10579 | D:5      | Noticed Pikel
 10586 | D:5      | Killed Pikel
 10678 | D:6      | Noticed Menkaure
 10684 | D:6      | Killed Menkaure
 10696 | D:6      | Reached * piety under Cheibriados
 10750 | D:6      | Learned a level 2 spell: Shroud of Golubria
 10758 | D:6      | Learned a level 3 spell: Regeneration
 10759 | D:6      | CypherZel: rip trog boys ;_;
 11081 | D:10     | Found a staircase to the Lair.
 11139 | D:10     | jacquesderrida: ;-;
 11140 | Lair:1   | Entered Level 1 of the Lair of Beasts
 11147 | Lair:1   | 4thArraOfDagon: :S
 11165 | Lair:1   | Reached skill level 1 in Invocations
 11221 | Lair:1   | Reached ** piety under Cheibriados
 11264 | Lair:1   | Gruud: He's staying true to his feline side, he's done wrecking the couch so now it's time to relax in the sun
 11322 | Lair:2   | Found a labyrinth entrance.
 11360 | Lab      | Entered a labyrinth
 11545 | Lair:2   | Found a hole to the Spider Nest.
 11583 | Lair:2   | Reached *** piety under Cheibriados
 11950 | Lair:3   | Reached skill level 1 in Spellcasting
 11982 | Lair:3   | Found a staircase to the Shoals.
 12144 | Lair:5   | Reached **** piety under Cheibriados
 12249 | Lair:4   | Noticed George's ghost (journeyman MiFi)
 12561 | Lair:5   | Noticed Josephine
 12626 | Lair:5   | Killed Josephine
 12675 | Lair:5   | Found a staircase to the Slime Pits.
 12717 | Lair:6   | Entered Level 6 of the Lair of Beasts
 12722 | Lair:6   | Reached ***** piety under Cheibriados
 13006 | Lair:6   | Reached skill level 18 in Unarmed Combat
 13413 | Lair:6   | Reached XP level 15. HP: 73/73 MP: 22/22
 13426 | Lair:6   | Reached ****** piety under Cheibriados
 13426 | Lair:6   | Reached skill level 5 in Invocations
 13580 | Lair:6   | Reached skill level 5 in Spellcasting
 13617 | Lair:6   | Identified Mointin's Tome of Captivating Conjuration (You found it on level 6 of the Lair of Beasts)
 13948 | Lair:1   | Identified 2 scrolls of acquirement
 13950 | Lair:1   | Got a sparkling marble ring
 13952 | Lair:1   | Identified the ring "Ugenaqe" {rElec AC+3 Int+3} (You acquired it on level 1 of the Lair of Beasts)
 13966 | Lair:1   | CypherZel: Trog gone give it to ya
 13974 | Lair:1   | CypherZel: Wait for you to get on your own
 13995 | Lair:1   | CypherZel: Trog gone deliver to ya
 14023 | Lair:1   | HP: 2/73 [troll[the rage of Trog] (7)]
 14045 | D:10     | Noticed Grum
 14055 | D:10     | Killed Grum
 14313 | D:11     | Noticed Harold
 14318 | D:11     | Killed Harold
 14462 | Orc:2    | Bought a scroll of teleportation for 54 gold pieces
 14462 | Orc:2    | Bought a scroll of blinking for 135 gold pieces
 14462 | Orc:2    | Bought a scroll of acquirement for 936 gold pieces
 14462 | Orc:2    | Bought a scroll of teleportation for 54 gold pieces
 14462 | Orc:2    | Bought a scroll of identify for 36 gold pieces
 14462 | Orc:2    | Bought a scroll of identify for 36 gold pieces
 14869 | D:13     | CypherZel: Knock knock open up the vault its real
 15073 | D:14     | Killed Roxanne
 15076 | D:14     | Identified Roxanne's Incunabulum of Transformation (You took it off Roxanne on level 14 of the Dungeon)
 15083 | D:14     | Learned a level 6 spell: Statue Form
 15091 | D:14     | Learned a level 7 spell: Dragon Form
 15209 | Depths:1 | Noticed a frost giant
 15232 | D:15     | Noticed 4thArraOfDagon's illusion
 15236 | D:15     | Killed Mara
 15466 | Depths:1 | Gained mutation: You are dopey. (Int -2) [mutagenic meat]
 15489 | Depths:1 | Gained mutation: You are frail. (-10% HP) [mutagenic meat]
 15495 | Depths:1 | Lost mutation: You passively map a small area around you. [potion of cure mutation]
 15495 | Depths:1 | Lost mutation: You occasionally shout uncontrollably at your foes. [potion of cure mutation]
 15495 | Depths:1 | Lost mutation: You often lose your temper in combat. [potion of cure mutation]
 15495 | Depths:1 | Lost mutation: You expend magic power (3 MP) to strengthen your wands. [potion of cure mutation]
 15529 | Depths:1 | Noticed a fire giant
 15540 | Depths:1 | Killed a fire giant
 15615 | Depths:1 | Reached skill level 5 in Transmutations
 15621 | Depths:1 | Reached XP level 16. HP: 36/69 MP: 18/27
 15646 | Depths:1 | Lost mutation: You are frail. (-10% HP) [mutagenic meat]
 15649 | Depths:1 | Lost mutation: You are dopey. (Int -2) [mutagenic meat]
 15652 | Depths:1 | Gained mutation: You often lose your temper in combat. [mutagenic meat]
 15655 | Depths:1 | Gained mutation: You occasionally shout uncontrollably at your foes. [mutagenic meat]
 15664 | Depths:1 | Gained mutation: You are frail. (-10% HP) [mutagenic meat]
 15667 | Depths:1 | Gained mutation: You sometimes yell uncontrollably at your foes. [mutagenic meat]
 15670 | Depths:1 | Gained mutation: You passively map a small area around you. [mutagenic meat]
 15673 | Depths:1 | Gained mutation: Your mind is acute. (Int +2) [mutagenic meat]
 15679 | Depths:1 | Lost mutation: Your mind is acute. (Int +2) [mutagenic meat]
 15691 | Depths:1 | Gained mutation: You expend magic power (3 MP) to strengthen your wands. [mutagenic meat]
 15697 | Depths:1 | Gained mutation: You are mostly covered in rough black scales. (AC +7, Dex -2) [mutagenic meat]
 15745 | Depths:1 | Gained mutation: You possess an exceptional clarity of mind. [mutagenic meat]
 15748 | Depths:1 | Lost mutation: You are weak. (Str -2) [mutagenic meat]
 15791 | Depths:1 | Noticed Asterion
 15806 | Depths:1 | Slain by Asterion
 15807 | Depths:1 | Reached XP level 15. HP: -1/65 MP: 9/26
 15831 | Depths:1 | Reached skill level 5 in Earth Magic
 16026 | Depths:1 | Found a gateway to Hell.
 16056 | Depths:1 | Gained mutation: Your muscles are strong. (Str +2) [potion of mutation]
 16260 | Depths:1 | Found a one-way gate to the infinite horrors of the Abyss.
 16301 | Depths:1 | Noticed a frost giant
 16313 | Depths:1 | Killed a frost giant
 16536 | Depths:2 | Paralysed by a vampire knight for 3 turns
 17405 | Shoals:1 | Entered Level 1 of the Shoals
 17407 | Shoals:1 | Noticed Aizul
 17427 | Shoals:1 | Killed Aizul
 17485 | Lair:3   | Was forgiven by Trog
 17492 | Lair:3   | Slain by a troll

Vault maps used:
D:1:      roderic_lyre, minmay_misc_feat_square
D:2:      xom_butterflies, lemuel_crystal_altar, kennysheep_small_spiral
D:3:      first_bread
D:4:      amethyst_overflow_temple_binary, serial_shops, shop,
          minmay_misc_feat_roman
D:5:      nicolae_ru_awakened_eye, lemuel_round_altar, uniq_eustachio,
          uniq_pikel, uniq_grinder, uniq_crazy_yiuf_cottage
D:6:      tgw_trog, old_standard_altar, uniq_menkaure
D:7:      serial_shops, shop, shop, shop, kennysheep_mini_moat, shop_statue,
          uniq_joseph
D:8:      minmay_diamond_stairs, old_standard_altar, lemuel_angel_altar,
          uniq_psyche
D:9:      basic_altar, uniq_maurice
D:10:     minmay_lair_entry_lava, minivault_8, uniq_grum
D:11:     orc_0_dummy, uniq_harold
D:12:     minmay_tearing_corner, serial_shops, shop
D:13:     david_vaults_5, serial_shops, nicolae_shop_waterfront
D:14:     minmay_misc_feat_secret_circle, the_bakery, uniq_roxanne
D:15:     grunt_enter_depths_hoard, serial_park_tiny_pond, uniq_urug
Temple:   nicolae_temple_figure_eight
Lair:2:   spider_nest_entry_a, lab_entry_generic, infiniplex_staircase_pool_2
Lair:3:   elwin_shoals_entry_stream, beast_lair_carwin_11
Lair:4:   grunt_megastairs_4
Lair:5:   nicolae_slime_entry_slimehenge, bobbens_dragon_lair_wall,
          serial_bayou_shore_a, grunt_megastairs_3, uniq_josephine
Lair:6:   hangedman_lair_in_review, guppyfry_lair_end_dragon
Shoals:1: serial_shops, nicolae_shop_statue_plus, uniq_aizul
Orc:1:    serial_shops, shop, nicolae_shop_waterfront, mines_bat_river
Orc:2:    st_orc_pillars, basic_altar, nicolae_orc_rockfall
Elf:1:    minmay_elf_arrival_summoners, serial_shops,
          nicolae_shop_window_shopping, minmay_elf_sorcery
Elf:2:    guppyfry_elf_garden
Elf:3:    elf_hall_gauntlet_wide, enter_trove_2, minivault_11,
          einodemon_barbed_minivault
Depths:1: abyss_entry, pf_hell_entry_tar_river, grunt_ministairs_2,
          hangedman_decor_slide_cut, serial_sigils_hangedman_gut,
          minmay_misc_feat_chi, tgw_xom, uniq_asterion, uniq_mara
Depths:2: lemuel_vampire_tower, marbit_kobold_abyss_entry, hell_entry,
          grunt_decor_mini_mirrors, minmay_staircase_statues
Lab:      labyrinth_hidden_loot

Skill      XL: |  1  2  3  4  5  6  7  8  9 10 11 12 13 14 15 |
---------------+----------------------------------------------+-----
Stealth        | 1 3 4 5 6 8 9 11 13 14 17 16 | 17.3
Unarmed Combat | 4 5 6 7 8 10 11 13 14 17 18 | 18.1
Dodging        | 5 6 7 8 9 12 13 16 15 | 16.3
Fighting       | 4 5 8 9 10 12 | 12.4
Evocations     | 2 |  2.4
Invocations    | 4 7 |  7.3
Spellcasting   | 4 8 |  8.3
Transmutations | 8 |  8.7
Earth Magic    | 7 |  7.2

Action                   |  1- 3 |  4- 6 |  7- 9 | 10-12 | 13-15 | 16-18 || total
-------------------------+-------+-------+-------+-------+-------+-------++-------
Melee: Unarmed           |    60 |    26 |    98 |   671 |  1720 |    23 ||  2598
       Bite              |     6 |       |    11 |    71 |   271 |     4 ||   363
       Headbutt          |     3 |     4 |    18 |   143 |   509 |    11 ||   688
       Punch             |     1 |       |     3 |    45 |   228 |     4 ||   281
 Cast: Shroud of Golubri |       |       |       |       |     1 |       ||     1
       Regeneration      |       |       |       |       |     6 |       ||     6
Invok: Berserk           |     3 |     4 |     6 |    21 |    23 |       ||    57
       Trog's Hand       |     1 |     1 |     2 |    19 |    29 |       ||    52
       Brothers in Arms  |       |       |       |     1 |    10 |       ||    11
       Temporal Distorti |       |       |       |       |    19 |     2 ||    21
       Slouch            |       |       |       |       |     8 |     3 ||    11
       Step From Time    |       |       |       |       |       |     1 ||     1
Evoke: Wand              |       |       |       |     4 |    23 |       ||    27
       Phial of floods   |       |       |       |       |     4 |       ||     4
       Sack of spiders   |       |       |       |       |     8 |       ||     8
       Lamp of fire      |       |       |       |       |     2 |       ||     2
       Phantom mirror    |       |       |       |       |     2 |       ||     2
  Use: Potion            |     1 |       |       |     2 |    24 |       ||    27
       Scroll            |       |     3 |     1 |     8 |    40 |     2 ||    54
 Stab: Sleeping          |     3 |     5 |    15 |    37 |    71 |       ||   131
       Invisible         |       |       |       |     8 |     5 |       ||    13
       Distracted        |       |       |       |     1 |     2 |       ||     3
  Eat: Chunk             |     8 |     6 |    17 |    60 |    84 |    21 ||   196
       Royal jelly       |       |       |       |     1 |     2 |       ||     3
       Pizza             |       |       |       |       |     3 |       ||     3
       Meat ration       |       |       |       |       |     1 |       ||     1
       Beef jerky        |       |       |       |       |     1 |       ||     1
Armor: Skin              |     3 |       |     4 |    35 |   250 |     1 ||   293
Dodge: Dodged            |    50 |     9 |    69 |   519 |  2031 |    34 ||  2712
